 Dungeon Crawl Stone Soup version 0.25-a0-949-gdd2af9e06e (webtiles) character file.

Game seed: 2848774701858263112, levelgen mode: classic

33 Amnesiac the Magician (level 3, 0/19 HPs)
             Began as a Deep Elf Wizard on May 8, 2020.
             Succumbed to an adder's poison
             ... on level 3 of the Dungeon.
             The game lasted 00:01:00 (442 turns).

Amnesiac the Magician (Deep Elf Wizard)              Turns: 442, Time: 00:01:01

Health: 0/19       AC:  2    Str:  4    XL:     3   Next: 12%
Magic:  4/11       EV: 13    Int: 23    God:
Gold:   12         SH:  0    Dex: 13    Spells: 6/11 levels left

rFire    . . .     SeeInvis .   (no weapon)
rCold    . . .     Gourm    .   (no shield)
rNeg     . . .     Faith    .   a - +0 robe
rPois    .         Spirit   .   (no helmet)
rElec    .         Reflect  .   (no cloak)
rCorr    .         Harm     .   (no gloves)
MR       .....                  (no boots)
Stlth    ++........             (no amulet)
HPRegen  0.06/turn              (no ring)
MPRegen  0.12/turn              (no ring)

@: lethally poisoned (0 -> -5)
A: no striking features
a: no special abilities


You were on level 3 of the Dungeon.
You were not hungry.

You visited 1 branch of the dungeon, and saw 3 of its levels.

You collected 12 gold pieces.

Inventory:

Missiles
 c - 29 stones (quivered)
Armour
 a - a +0 robe (worn)
Scrolls
 b - a scroll of identify {!r, unknown}
 e - a scroll of blinking {!r, unknown}
Comestibles
 d - 4 rations
 f - a chunk of flesh


   Skills:
 - Level 2.4 Dodging
 - Level 2.4 Stealth
 - Level 4.5 Spellcasting
 * Level 3.3 Conjurations
 - Level 1.1 Summonings
 - Level 1.1 Translocations


You had 6 spell levels left.
You knew the following spells:

 Your Spells              Type           Power        Failure   Level  Hunger
a - Magic Dart            Conj           ###.         2%          1    None
b - Call Imp              Summ           ##......     10%         2    None
v - Blink                 Tloc           N/A          10%         2    None

Your spell library contained the following spells:

 Spells                   Type           Power        Failure   Level  Hunger
 Slow                     Hex            #.......     16%         2    None
 Conjure Flame            Conj/Fire      ##......     16%         3    ##.....
 Mephitic Cloud           Conj/Pois/Air  ##......     19%         3    ##.....


Dungeon Overview and Level Annotations

Branches:
Dungeon (3/15)

Altars:
Wu Jian


Message History

Casting: Magic Dart (safe; 3% risk of failure)
Confirm with . or Enter, or press ? or * to list all spells.
You can't see any susceptible monsters within range! (Use Z to cast anyway.)
You butcher the rat corpse.
f - 2 chunks of flesh (gained 1)
You see here a rat skeleton. x2
Found a stone staircase leading up.
An adder comes into view.
An adder is nearby!
Casting: Magic Dart (safe; 3% risk of failure)
Confirm with . or Enter, or press ? or * to list all spells.
A beastly little devil appears in a puff of flame.
Your crimson imp blinks!
The adder bites you.
Casting: Call Imp (safe; 11% risk of failure)
Confirm with . or Enter, or press ? or * to list all spells.
Aiming: Magic Dart (safe; 3% risk of failure)
Press: ? - help, Shift-Dir - straight line, f - adder
Aim: an adder The magic dart hits the adder.
The adder is moderately wounded.
The adder bites you.
You are poisoned.
The adder poisons you!
Casting: Magic Dart (safe; 3% risk of failure)
Confirm with . or Enter, or press ? or * to list all spells.
Aiming: Magic Dart (safe; 3% risk of failure)
Press: ? - help, Shift-Dir - straight line, f/p - adder
Aim: an adder (moderately wounded)
The magic dart hits the adder.
The adder is severely wounded.
You feel sick. The adder completely misses you.
Casting: Magic Dart (safe; 3% risk of failure)
Confirm with . or Enter, or press ? or * to list all spells.
Aiming: Magic Dart (safe; 3% risk of failure)
Press: ? - help, Shift-Dir - straight line, f/p - adder
Aim: an adder (severely wounded)
The magic dart hits the adder.
The adder is almost dead.
The adder bites you.
* * * LOW HITPOINT WARNING * * *
The adder bites you.
* * * LOW HITPOINT WARNING * * *
Your crimson imp blinks!
Casting: Magic Dart (safe; 3% risk of failure)
Confirm with . or Enter, or press ? or * to list all spells.
Aiming: Magic Dart (safe; 3% risk of failure)
Press: ? - help, Shift-Dir - straight line, f/p - adder
Aim: an adder (almost dead)
The magic dart hits the adder.
You kill the adder!
You have reached level 3!
Your experience leads to an increase in your attributes!
Increase (s)trength, (i)ntelligence, or (d)exterity?
You feel clever.
* * * LOW HITPOINT WARNING * * *
You feel sick.
You aren't carrying any potions.
Okay, then.
* * * LOW HITPOINT WARNING * * *
You feel sick.
You swap places.
Some of the chunks of flesh in your inventory have rotted away.
You die...

.. .. .. #. ##.# ...
#<######### #...5.@...#
#########.# #.# #.#
#.##### #.# #.....##
#.# #^###..#####.#
#............##########
#.####.####...........#


You could see a friendly crimson imp.

Vanquished Creatures
  3 adders
  A leopard gecko (D:2)
  2 hobgoblins
  2 rats
8 creatures vanquished.

Notes
Turn   | Place    | Note
-------+----------+-------------------------------------------
     0 | D:1      | Amnesiac the Deep Elf Wizard began the quest for the Orb.
     0 | D:1      | Reached XP level 1. HP: 10/10 MP: 7/7
    89 | D:2      | Reached XP level 2. HP: 15/15 MP: 1/9
    93 | D:2      | Learned a level 2 spell: Blink
    96 | D:2      | Learned a level 2 spell: Call Imp
   327 | D:3      | Found an ornate altar of the Wu Jian Council.
   435 | D:3      | Reached XP level 3. HP: 2/19 MP: 3/11
   442 | D:3      | Succumbed to an adder's poison

Levels and vault maps discovered:
D:1:      mrwooster_arrival_statue, layout_basic
D:2:      layout_basic
D:3:      layout_basic, nicolae_overflow_crystal_walls, first_ration

Skill      XL: |  1  2 |
---------------+-------+-----
Conjurations   | 2 3 |  3.3
Dodging        | |  2.4
Stealth        | |  2.4
Spellcasting   | |  4.5
Summonings     | |  1.1
Translocations | |  1.1

Action                   || total
-------------------------++-------
 Cast: Magic Dart        ||    26
       Call Imp          ||     1
Dodge: Dodged            ||     8

Table legend:
 A = Non-vault XP
 B = Vault XP
 C = Vault XP percentage of total XP
 D = Non-vault monster count
 E = Vault monster count
 F = Vault count percentage of total count
                 A         B        C        D         E       F
            +---------+---------+-------+---------+---------+-------
      Total |      48 |       0 |   0.0 |       8 |       0 |   0.0
            +---------+---------+-------+---------+---------+-------
        D:1 |       1 |       0 |   0.0 |       1 |       0 |   0.0
        D:2 |      31 |       0 |   0.0 |       4 |       0 |   0.0
        D:3 |      16 |       0 |   0.0 |       3 |       0 |   0.0
            +---------+---------+-------+---------+---------+-------
